 Dungeon Crawl Stone Soup version 0.31-a0-949-g57150269e1 (webtiles) character file.

Game seed: 1628119831165447460

400 LeprechaunX the Changeling (level 6, -2/42 HPs)
             Began as an Octopode Shapeshifter on Oct 23, 2023.
             Slain by a hellwing (5 damage)
             ... on level 2 of the Abyss.
             The game lasted 00:01:18 (466 turns).

LeprechaunX the Changeling (Octopode Shapeshifter)   Turns: 466, Time: 00:01:18

Health: -2/42      AC:  1    Str: 15    XL:     6   Next: 84%
Magic:  6/6        EV: 13    Int: 13    God:
Gold:   37         SH:  0    Dex: 11    Spells: 5/5 levels left

rFire   . .          .
                       - Unarmed
rCold   . . .        (no shield)
rNeg    . . .        (helmet currently unavailable)
rPois   .            (no amulet)
rElec   .            (no ring)
rCorr   .            (no ring)
SInv    .            (no ring)
Will    .....        (no ring)
Stlth   ++           (no ring)
HPRegen 0.27/turn    (no ring)
MPRegen 0.10/turn    (no ring)
                     (no ring)

%: no passive effects
@: beast-form
A: beast (slay +2), almost no armour, amphibious, 8 rings, camouflage 1,
gelatinous body 1, (nimble swimmer 1), tentacles
a: Begin Untransformation


You were on level 2 of the Abyss.
You were a hulking beast.
You visited 1 branch of the dungeon, and saw 1 of its levels.
You visited the Abyss 1 time.

You collected 37 gold pieces.

Inventory:

Talismans
 b - a beast talisman (active)
 c - a flux talisman
Scrolls
 d - 2 scrolls of teleportation {unknown}
 f - a scroll of amnesia {unknown}
 h - a scroll of blinking {unknown}
Potions
 e - a potion of mutation {unknown}
 g - a potion of degeneration {unknown}


   Skills:
 + Level 3.0 Fighting
 + Level 3.5 Dodging
 + Level 4.2 Unarmed Combat
 * Level 4.9 Shapeshifting


You had 5 spell levels left.
You didn't know any spells.
Your spell library contained the following spells:

 Spells                   Type           Power      Damage    Failure   Level
 Momentum Strike          Conj/Tloc      0%         3d8       43%         2
 Stone Arrow              Conj/Erth      0%         3d7       67%         3
 Conjure Ball Lightning   Conj/Air       0%         3x3d6     100%        6
 Haunt                    Necr/Summ      0%         N/A       100%        7


Dungeon Overview and Level Annotations

Branches:
Dungeon (1/15)

Altars:


Innate Abilities, Weirdness & Mutations

You are a hulking beast.
Your limbs bulge with bestial killing power. (Slay +2)
You cannot wear most types of armour.
You are amphibious.
You can wear up to eight rings at the same time.
Your skin changes colour to match your surroundings (Stealth+).
Your rubbery body absorbs attacks. (AC +1, EV +1)
((You are camouflaged when in or above water. (Stealth+)))
You have tentacles for arms and can constrict up to eight enemies at once.


Message History

You start resting.
An ufetubus comes into view.
An ufetubus is nearby!
The ufetubus shouts!
You hear a chilling moan.
The ufetubus hits you but does no damage. x2
You miss the ufetubus.
Your transformation is almost over.
An ufetubus comes into view.
The ufetubus barely misses you.
The ufetubus hits you but does no damage.
The ufetubus shouts!
You pummel the ufetubus!!
You kill the ufetubus!
You cannot move.
A hellwing comes into view.
The ufetubus hits you but does no damage. x2
You smack the ufetubus!
You kill the ufetubus!
You cannot move.
You cannot move.
The hellwing hits you but does no damage.
The hellwing barely misses you.
You hit the hellwing.
The hellwing is lightly wounded.
You feel less wooden.
You turn into a hulking beast.
The hellwing barely misses you. The hellwing hits you.
* * * LOW HITPOINT WARNING * * *
You closely miss the hellwing.
The hellwing is lightly wounded.
The hellwing closely misses you. The hellwing hits you!
* * * LOW HITPOINT WARNING * * *
You tentacle-slap the hellwing but do no damage.
Your squeeze misses the hellwing.
The hellwing is lightly wounded.
The hellwing closely misses you. The hellwing barely misses you.
You bludgeon the hellwing!
The hellwing is moderately wounded.
The hellwing hits you.
You die...

# #
#### .#
.
#h4###
# . ..
###..#.
. ....
.. #
..... .
#...# .
#. #
..#.. .
. .# .
# . #.
.# . #


You could see a hellwing.

Vanquished Creatures
  A silent spectre (Abyss:2)
  A black mamba zombie (Abyss:2)
  2 ufetubi (Abyss:2)
  2 dart slugs (D:1)
  A ball python (D:1)
  An endoplasm (D:1)
  A giant cockroach (D:1)
  2 goblins (D:1)
  2 hobgoblins (D:1)
  A kobold (D:1)
  A rat (D:1)
15 creatures vanquished.

Notes
Turn   | Place    | Note
-------+----------+-------------------------------------------
     0 | D:1      | LeprechaunX the Octopode Shapeshifter began the quest for
                  | the Orb.
     0 | D:1      | Reached XP level 1. HP: 13/13 MP: 1/1
    30 | D:1      | Reached XP level 2. HP: 14/18 MP: 2/2
    65 | D:1      | Got Zaon's Grimoire of the Forceful Morgue
   284 | Abyss:1  | Cast into level 1 of the Abyss (kobold)
   354 | Abyss:1  | Noticed a hellwing
   375 | Abyss:1  | Noticed a ynoxinul
   399 | Abyss:2  | Noticed a silent spectre
   424 | Abyss:2  | Killed a silent spectre
   425 | Abyss:2  | Reached XP level 3. HP: 14/25 MP: 3/3
   425 | Abyss:2  | Reached XP level 4. HP: 17/30 MP: 4/4
   425 | Abyss:2  | Reached XP level 5. HP: 19/35 MP: 5/5
   425 | Abyss:2  | Reached XP level 6. HP: 23/41 MP: 6/6
   457 | Abyss:2  | Noticed a hellwing
   466 | Abyss:2  | Slain by a hellwing

Illustrated notes

Levels and vault maps discovered:
D:1:      ncdulo_lavacross, layout_rooms, grunt_decor_cap
Abyss:2:  base:
Temple

Skill      XL: |  1  2  3  4  5  6 |
---------------+-------------------+-----
Fighting       | 2 3 |  3.0
Dodging        | 3 |  3.5
Shapeshifting  | 4 |  4.9
Unarmed Combat | 4 |  4.2

Action                     |  1- 3 |  4- 6 || total
---------------------------+-------+-------++-------
  Melee: Unarmed           |    34 |    14 ||    48
         Constrict         |     5 |       ||     5
         Tentacles         |     3 |       ||     3
         Punch             |     1 |       ||     1
    Use: Potion            |     1 |       ||     1
   Stab: Sleeping          |     1 |       ||     1
 Armour: Skin              |    22 |    16 ||    38
  Dodge: Dodged            |    11 |     9 ||    20

Table legend: (Time is in decaauts)
 A = Elapsed time spent in this place.
 B = Non-inter-level travel time spent in this place.
 C = Inter-level travel time spent in this place.
 D = Time resting spent in this place.
 E = Time spent auto-exploring this place.
 F = Levels seen in this place.
 G = Mean time per level.
                   A        B        C        D        E       F      G
               +--------+--------+--------+--------+--------+-----+--------+
         Total |    462 |    462 |      0 |      9 |    325 |   3 |  154.0 |
       Dungeon |    283 |    283 |      0 |      0 |    225 |   1 |  283.0 |
         Abyss |    179 |    179 |      0 |      9 |    100 |   2 |   89.5 |
               +--------+--------+--------+--------+--------+-----+--------+

Top non-repeatable levels by time:
     D:1: 283 daAuts
 Abyss:1: 94 daAuts
 Abyss:2: 84 daAuts
